AoeStats
← UMMA KHAN

Glade

510464188Analyzed
1v1 RM · 2d ago on Oct 1, 2026· 66m 12s· 2 players
Game mode
Random Map
Map size
Tiny (2 player)
Population
200
Speed
Normal
Resources
Standard
Victory
Conquest
Starting age
Dark Age
Ending age
Imperial Age
RankedLock teamsTeams togetherTeam positionsShared explorationLock speedFull tech treeHidden civsTurbo modeCheats
Victory
Defeat
🇷🇺 Britons · Russia
445
+12
🇲🇽 Hindustanis · Mexico
352
-12
Santis3ns3i
0:44 Loom
14:23 Feudal Age
14:52 Town Watch
15:16 Double-Bit Axe
15:46 Horse Collar
17:37 Wheelbarrow
23:40 Castle Age
23:43 Gold Mining
26:05 Crossbowman
29:51 Fletching
32:11 Bodkin Arrow
35:43 Imperial Age
34:02 Padded Archer Armor
35:52 Masonry
36:41 Murder Holes
36:39 Guard Tower
37:33 Elite Skirmisher
41:50 Chemistry
41:52 Grand Trunk Road
42:53 Leather Archer Armor
50:56 Ballistics
50:42 Bracer
50:54 Forging
50:45 Scale Mail Armor
50:52 Scale Barding Armor
51:11 Siege Elephant
58:17 Gold Shaft Mining
62:30 Elite Ghulam
64:09 Hand Cart
UMMA KHAN
10:30 Feudal Age
12:26 Wheelbarrow
11:43 Double-Bit Axe
12:37 Loom
18:54 Castle Age
17:10 Horse Collar
20:00 Hand Cart
19:49 Heavy Plow
20:03 Bow Saw
25:23 Fervor
25:58 Stone Mining
26:30 Gold Mining
28:37 Gold Shaft Mining
28:48 Ballistics
28:39 Masonry
29:07 Town Watch
31:12 Murder Holes
31:27 Fortified Wall
30:59 Treadmill Crane
31:12 Fletching
34:48 Imperial Age
32:54 Bodkin Arrow
33:44 Town Patrol
33:49 Padded Archer Armor
34:30 Yeomen
35:52 Conscription
35:44 Bracer
37:01 Two-Man Saw
36:08 Arrowslits
38:03 Warwolf
39:15 Chemistry
38:46 Architecture
40:02 Siege Engineers
41:40 Hoardings
41:54 Leather Archer Armor
41:05 Onager
43:52 Hoardings
44:36 Elite Longbowman
50:50 Ring Archer Armor
58:37 Scale Barding Armor
58:32 Scale Mail Armor
58:43 Forging
64:44 Chain Barding Armor
64:39 Chain Mail Armor
65:00 Iron Casting
66:15 Plate Barding Armor
67:07 Plate Mail Armor
Connection lost

Rejoining the realm…

Still unreachable

The connection could not be restored.

Session expired

The server has moved on; the page needs a fresh start.